 Dungeon Crawl Stone Soup version 0.26-a0-478-g6c97825307 (webtiles) character file.

Game seed: 8364437571906710652

58 KristoblXynda the Ducker (level 3, -1/21 HPs)
             Began as a Vampire Gladiator on Aug 1, 2020.
             Slain by a gnoll
             ... wielding a +0 halberd
              (10 damage)
             ... on level 2 of the Dungeon.
             The game lasted 00:01:31 (1390 turns).

KristoblXynda the Ducker (Vampire Gladiator)        Turns: 1390, Time: 00:01:31

Health: -1/21      AC:  4    Str: 14    XL:     3   Next: 76%
Magic:  3/3        EV: 13    Int: 10    God:
Gold:   16         SH:  0    Dex: 15    Spells: 2/2 levels left

rFire    . . .     SeeInvis +   a - +0 long sword
rCold    + + .     Faith    .   (no shield)
rNeg     + + +     Spirit   .   b - +0 leather armour
rPois    ∞         Reflect  .   c - +0 helmet
rElec    .         Harm     .   (no cloak)
rCorr    .                      (no gloves)
MR       .....                  (no boots)
Stlth    ++++......             (no amulet)
HPRegen  0.00/turn              (no ring)
MPRegen  0.08/turn              (no ring)

@: bloodless
A: fangs 3, see invisible, unbreathing
a: Bat Form, Revivify


You were on level 2 of the Dungeon.
You visited 1 branch of the dungeon, and saw 2 of its levels.

You collected 16 gold pieces.

Inventory:

Hand Weapons
 a - a +0 long sword (weapon)
Missiles
 d - 3 throwing nets (quivered)
Armour
 b - a +0 leather armour (worn)
 c - a +0 helmet (worn)
Wands
 j - a wand of clouds (4)
Scrolls
 g - a scroll of blinking {unknown}
Potions
 e - a potion of haste {unknown}
 f - a potion of might {unknown}
 h - a potion of lignification {unknown}
 i - a potion of degeneration {unknown}


   Skills:
 - Level 2.2 Fighting
 + Level 3.4 Long Blades
 - Level 1.5 Throwing
 + Level 3.8 Dodging
 + Level 2.4 Stealth
 + Level 0.6 Evocations


You had 2 spell levels left.
You didn't know any spells.
Your spell library was empty.

Dungeon Overview and Level Annotations

Branches:
Dungeon (2/15)

Altars:
Nemelex Xobeh


Innate Abilities, Weirdness & Mutations

You do not regenerate when monsters are visible.
You are frail without blood (-20% HP).
You can heal yourself when you bite living creatures.
You are immune to poison.
You have razor-sharp teeth.
You have supernaturally acute eyesight. (SInv)
You can survive without breathing.


Message History

The gnoll is severely wounded.
You barely miss the gnoll.
The gnoll is severely wounded.
The gnoll misses you.
You riposte.
You slash the gnoll!
You kill the gnoll!
You see here a +0 flail.
You start waiting.
A gnoll is nearby!
The gnoll hits you from afar with a +0 halberd.
The gnoll hits you with a +0 halberd.
You slash the gnoll!
The gnoll is heavily wounded.
The gnoll closely misses you.
You barely miss the gnoll.
The gnoll is heavily wounded.
The gnoll barely misses you.
You closely miss the gnoll.
The gnoll is heavily wounded.
The gnoll hits you with a +0 halberd!
You die...

####..............g###
##..................#
###..##.........##.###..#
#...####...........# ..#
##.####.......###..# #.#
#....#...<...# ##.##.#.#.
####.........# ##g...(...
####...._####g......##
##...####@.###....#
#.....)....# .#...
########(#..# # #.
..##.... .... ..#..
#.#####.# .. #. .. . ..
#.. .#


You could see 2 gnolls.

Vanquished Creatures
  A gnoll (D:2)
  An adder (D:2)
  An ooze (D:1)
  An adder skeleton (D:2)
  A leopard gecko (D:1)
  A bat (D:1)
  A bat zombie (D:2)
  A goblin (D:2)
  3 hobgoblins (D:1)
  6 jackals
  5 kobolds (D:1)
  A quokka (D:2)
  3 frilled lizards (D:1)
  A giant cockroach zombie (D:2)
  A leopard gecko skeleton (D:2)
  A quokka zombie (D:2)
  A rat (D:2)
30 creatures vanquished.

Notes
Turn   | Place    | Note
-------+----------+-------------------------------------------
     0 | D:1      | KristoblXynda the Vampire Gladiator began the quest for the
                  | Orb.
     0 | D:1      | Reached XP level 1. HP: 16/16 MP: 1/1
   209 | D:1      | Reached skill level 1 in Stealth
   209 | D:1      | Reached XP level 2. HP: 16/17 MP: 2/2
   891 | D:2      | Found a sparkling altar of Nemelex Xobeh.
   900 | D:2      | Reached XP level 3. HP: 10/21 MP: 3/3
  1390 | D:2      | Slain by a gnoll

Illustrated notes

Levels and vault maps discovered:
D:1:      lordsloth_arrival_two_stooges, layout_rooms, serial_forest,
          infiniplex_forest_fountain, infiniplex_forest_clump_double,
          infiniplex_forest_zigzag_2, infiniplex_forest_clump_double,
          infiniplex_forest_lined_corner, infiniplex_forest_corner_1,
          infiniplex_forest_straight_1, infiniplex_forest_straight_4,
          infiniplex_forest_pool, infiniplex_forest_lined_room_3
D:2:      layout_rooms, makhleb_heckhound_becter, overflow_temple_1_default,
          serial_undead, serial_undead_e, serial_undead_a, serial_undead_a,
          serial_undead_f, uniq_terence, uniq_sigmund, uniq_jessica

Skill      XL: |  1  2 |
---------------+-------+-----
Fighting       | 2 |  2.2
Stealth        | 1 2 |  2.4
Long Blades    | |  3.4
Throwing       | |  1.5
Dodging        | |  3.8
Evocations     | |  0.6

Action                   || total
-------------------------++-------
Melee: Long sword        ||    84
       Bite              ||    11
 Abil: Exsanguinate      ||     1
 Stab: Sleeping          ||     7
Armor: Leather armour    ||    26
Dodge: Dodged            ||    75
       Rpst.: Long sword ||    24

Table legend: (Time is in decaauts)
 A = Elapsed time spent in this place.
 B = Non-inter-level travel time spent in this place.
 C = Inter-level travel time spent in this place.
 D = Time resting spent in this place.
 E = Time spent auto-exploring this place.
 F = Levels seen in this place.
 G = Mean time per level.
                   A        B        C        D        E       F      G
               +--------+--------+--------+--------+--------+-----+--------+
         Total |   1412 |   1390 |     22 |    517 |    576 |   2 |  706.0 |
       Dungeon |   1412 |   1390 |     22 |    517 |    576 |   2 |  706.0 |
               +--------+--------+--------+--------+--------+-----+--------+

Top non-repeatable levels by time:
     D:1: 901 daAuts
     D:2: 510 daAuts
